 Dungeon Crawl Stone Soup version 0.24.0-125-gc4c63601f3 (webtiles) character file.

Game seed: 953447994882187000, levelgen mode: deterministic

193 Kormanboo the Shooter (level 5, -6/45 HPs)
             Began as a Centaur Hunter on Mar 6, 2020.
             Engulfed by a cloud of flame (19 damage)
             ... on level 4 of the Dungeon.
             The game lasted 00:30:17 (2459 turns).

Kormanboo the Shooter (Centaur Hunter)              Turns: 2459, Time: 00:30:18

Health: -6/45      AC:  5    Str: 14    XL:     5   Next: 44%
Magic:  0/5        EV:  7    Int: 10    God:
Gold:   189        SH:  0    Dex: 11    Spells: 4/4 levels left

rFire    . . .     SeeInvis .   b - +0 spear
rCold    . . .     Gourm    .   (no shield)
rNeg     . . .     Faith    .   m - -2 scale mail (curse)
rPois    .         Spirit   +   (no helmet)
rElec    .         Reflect  .   (no cloak)
rCorr    +         Harm     .   k - +0 pair of gloves
MR       .....                  (no barding)
Stlth    ..........             s - amulet of guardian spirit
HPRegen  0.15/turn              q - ring of resist corrosion
MPRegen  0.09/turn              (no ring)

@: very quick
A: large, hooves 3, deformed body, speed 2, tough skin 3
a: no special abilities


You were on level 4 of the Dungeon.
You were not hungry.

You visited 1 branch of the dungeon, and saw 4 of its levels.

You collected 189 gold pieces.

Inventory:

Hand Weapons
 a - a +1 shortbow
 b - a +0 spear (weapon)
 l - a +0 hunting sling
 o - a +0 short sword
Missiles
 d - 6 arrows
 e - 15 sling bullets
 g - 33 poisoned darts (quivered)
 i - 50 stones
 r - 19 bolts
Armour
 c - a +0 leather armour
 h - a +0 leather armour
 k - a +0 pair of gloves (worn)
 m - a cursed -2 scale mail (worn)
 p - a +0 ring mail
Jewellery
 q - a ring of resist corrosion (left hand)
 s - an amulet of guardian spirit (around neck)
Scrolls
 j - a scroll of identify
 n - a scroll of teleportation
 t - a scroll of immolation
Comestibles
 f - a ration
 u - 3 chunks of flesh


   Skills:
 + Level 3.1 Fighting
 + Level 0.1 Polearms
 + Level 7.7 Bows
 + Level 0.4 Armour
 + Level 2.0 Dodging
 + Level 0.4 Stealth


You had 4 spell levels left.
You didn't know any spells.
Your spell library was empty.

Dungeon Overview and Level Annotations

Branches:
Dungeon (4/15)
 Temple: D:4-7

Altars:
Ashenzari
Elyvilon
Gozag
Xom
Yredelemnul

Annotations:
D:4 Dowan, Duvessa


Innate Abilities, Weirdness & Mutations

You have hooves in place of feet.
Armour fits poorly on your strangely shaped body.
You cover ground very quickly.
You have extremely tough skin. (AC +3)


Message History

Aim: a hound (inner flame)
You shoot an arrow. The arrow hits the hound.
The hound is moderately wounded.
The hound misses you.
b - a +0 spear (weapon)
The hound bites you but does no damage.
You hit the hound. You kick the hound!
The hound is almost dead.
The hound bites you.
Dowan gestures wildly while chanting.
Dowan blinks!
You closely miss the hound. You kick the hound.
The hound explodes!
The fiery explosion engulfs you!!
Ouch! That really hurt!
* * * LOW HITPOINT WARNING * * *
The fiery explosion engulfs Duvessa!!
Duvessa is almost dead.
You are engulfed in blazing flames.
You die...

# ## .# #### .### ##..##
...### ###.#..#########
.....#####..###e@§e§((.(#
.............##########(#
..####..).#### #(# ###
#..### #(# # #.## #.##
#.# #..# ### ##.# #.#
#####.#


You could see Duvessa (inner flame) and Dowan (inner flame).

Vanquished Creatures
  A howler monkey (D:4)
  A hound (D:4)
  2 centaur skeletons (D:4)
  2 adders
  2 oozes
  2 dart slugs
  3 orcs (D:3)
  2 bats (D:3)
  4 giant cockroaches
  3 goblins
  2 hobgoblins (D:3)
  2 quokkas
  3 ball pythons
  4 frilled lizards
  6 kobolds
  2 rats
41 creatures vanquished.

Notes
Turn   | Place    | Note
-------+----------+-------------------------------------------
     0 | D:1      | Kormanboo the Centaur Hunter began the quest for the Orb.
     0 | D:1      | Reached XP level 1. HP: 17/17 MP: 1/1
   414 | D:1      | Reached XP level 2. HP: 24/24 MP: 2/2
   509 | D:1      | You fall into a shaft and drop 1 floor!
   613 | D:2      | Reached skill level 6 in Bows
   613 | D:2      | Reached XP level 3. HP: 26/30 MP: 3/3
  1049 | D:3      | Found a shattered altar of Ashenzari.
  1050 | D:3      | Found an opulent altar of Gozag.
  1052 | D:3      | Found a shimmering altar of Xom.
  1054 | D:3      | Found a white marble altar of Elyvilon.
  1055 | D:3      | Found a basalt altar of Yredelemnul.
  1749 | D:4      | Reached XP level 4. HP: 17/37 MP: 4/4
  1754 | D:4      | Reached skill level 7 in Bows
  2180 | D:4      | Reached XP level 5. HP: 39/45 MP: 3/5
  2420 | D:4      | Noticed Dowan
  2423 | D:4      | Noticed Duvessa
  2459 | D:4      | Engulfed by a cloud of flame

Levels and vault maps discovered:
D:1:      dpeg_cavernosity, layout_basic
D:2:      layout_loops_ring, first_ration
D:3:      layout_loops_ring, minitemple
D:4:      corexii_shantytown, layout_layer_cave, minmay_temple_entry_slanted,
          serial_shops, shop_fountains, uniq_duvessa

Skill      XL: |  1  2  3  4 |
---------------+-------------+-----
Bows           | 6 7 |  7.7
Dodging        | 2 |  2.0
Fighting       | 3 |  3.1
Polearms       | |  0.1
Armour         | |  0.4
Stealth        | |  0.4

Action                   |  1- 3 |  4- 6 || total
-------------------------+-------+-------++-------
Melee: Spear             |     5 |     2 ||     7
       Kick              |       |     2 ||     2
 Fire: Shortbow          |    88 |    26 ||   114
Throw: Dart              |       |     2 ||     2
  Use: Scroll            |     5 |     1 ||     6
       Potion            |     4 |     1 ||     5
  Eat: Chunk             |     1 |     1 ||     2
       Ration            |       |     1 ||     1
Armor: Leather armour    |     2 |       ||     2
       Scale mail        |    13 |     4 ||    17
Dodge: Dodged            |    14 |     7 ||    21
